 Dungeon Crawl Stone Soup version 0.23.2-40-g277498a001 (webtiles) character file.

Game seed: 15046020180847341953

203 BreadTh the Magician (level 5, -3/24 HPs)
             Began as a Spriggan Wizard on Sept 8, 2019.
             Slain by a mummy (19 damage)
             ... in an ossuary.
             The game lasted 00:11:54 (5224 turns).

BreadTh the Magician (Spriggan Wizard)              Turns: 5224, Time: 00:11:55

Health: -3/24      AC:  3    Str:  3    XL:     5   Next: 51%
Magic:  1/14       EV: 18    Int: 20    God:
Gold:   220        SH:  0    Dex: 15    Spells: 6/15 levels left

rFire    . . .     SeeInvis +   k - +1 spear (pierce)
rCold    . . .     Gourm    .   (shield restricted)
rNeg     . . .     Faith    .   a - +0 robe
rPois    .         Spirit   .   b - +1 hat
rElec    .         Reflect  .   (no cloak)
rCorr    .         Harm     +   (gloves unavailable)
MR       +....                  (boots unavailable)
Stlth    ++........             i - amulet of harm
HPRegen  0.08/turn              B - ring of protection from magic
MPRegen  0.14/turn              f - ring of wizardry

@: very slightly contaminated, very quick
A: very small, unfitting armour, see invisible, herbivore, speed 3, slow
metabolism 2
a: no special abilities


You were in an ossuary.
You were not hungry.

You visited 1 branch of the dungeon, and saw 5 of its levels.
You also visited: Ossuary.

You collected 220 gold pieces.

Inventory:

Hand Weapons
 k - a +1 spear of piercing (weapon)
Missiles
 g - 2 needles of confusion
 l - 27 poisoned needles
 m - 157 stones (quivered)
Armour
 a - a +0 robe (worn)
 b - a +1 hat (worn)
 h - a +0 buckler
Jewellery
 f - a ring of wizardry (right hand)
 i - an amulet of harm (around neck)
 B - a ring of protection from magic (left hand)
Wands
 A - a wand of flame (12)
Scrolls
 c - a scroll of enchant weapon
 e - 2 scrolls of remove curse
 j - 7 scrolls of identify
 n - a scroll of amnesia
 r - 3 scrolls of blinking
 v - a scroll of teleportation
 y - 3 scrolls of magic mapping
Potions
 o - 3 potions of heal wounds {unknown}
 p - a potion of berserk rage {unknown}
 q - a potion of invisibility {unknown}
 s - 2 potions of haste
 t - 2 potions of might {unknown}
 w - 8 potions of curing
 x - 3 potions of resistance {unknown}
 z - 2 potions of magic {unknown}
 C - 2 potions of flight {unknown}
Comestibles
 d - 5 rations


   Skills:
 - Level 3.0 Dodging
 - Level 3.0 Stealth
 + Level 5.5 Spellcasting
 * Level 3.3 Conjurations
   Level 0.7 Summonings
 - Level 1.5 Translocations


You had 6 spell levels left.
You knew the following spells:

 Your Spells              Type           Power        Failure   Level  Hunger
a - Magic Dart            Conj           ###.         1%          1    None
b - Blink                 Tloc           N/A          3%          2    None
c - Mephitic Cloud        Conj/Pois/Air  ##......     9%          3    ##.....
d - Conjure Flame         Conj/Fire      ##......     7%          3    ##.....

Your spell library contained the following spells:

 Spells                   Type           Power        Failure   Level  Hunger
 Call Imp                 Summ           #.......     4%          2    None
 Slow                     Hex            #.......     7%          2    None


Dungeon Overview and Level Annotations

Branches:
Dungeon (5/15)
 Temple: D:4-7

Altars:
Dithmenos


Innate Abilities, Weirdness & Mutations

You are very small and have problems with some larger weapons.
You are too small for most types of armour.
You have supernaturally acute eyesight. (SInv)
You are a herbivore.
You cover ground extremely quickly.
You need to consume almost no food.


Message History

Casting: Magic Dart (safe; 1% risk of failure)
Confirm with . or Enter, or press ? or * to list all spells.
You don't have enough magic to cast that spell.
Unknown command.
Evoke which item? (* to show all) (? for menu, Esc to quit)
Aiming: Throw Flame
Press: ? - help, Shift-Dir - straight line, f/p - mummy
Aim: a mummy (severely damaged)
The puff of flame misses the mummy.
There is an empty arch of ancient stone here.
There is a gate leading back out of this place here.
Evoke which item? (* to show all) (? for menu, Esc to quit)
Aiming: Throw Flame
Press: ? - help, Shift-Dir - straight line, f/p - mummy
Aim: a mummy (severely damaged)
The puff of flame hits the mummy.
The mummy is severely damaged.
The mummy hits you!
Ouch! That really hurt!
You die...

#+##........##+#
##......##
##....## #....#
#....# #....#
#....# #....#
#@M..# #.M..#
#.∩∩.# ######


You could see 2 mummies.

Vanquished Creatures
  A worker ant (D:4)
  5 mummies (Ossuary)
  2 adders
  An ooze (D:3)
  A worm (D:3)
  4 dart slugs
  2 orcs
  4 ball pythons
  A giant cockroach (D:3)
  A gnoll zombie (Ossuary)
  8 goblins
  7 hobgoblins
  5 jackals
  8 kobolds
  3 quokkas
  11 bats
  9 frilled lizards
  2 hobgoblin zombies (Ossuary)
  3 kobold zombies (Ossuary)
  2 orc zombies (Ossuary)
  6 rats
  A rat zombie (D:5)
87 creatures vanquished.

Notes
Turn   | Place    | Note
-------+----------+-------------------------------------------
     0 | D:1      | BreadTh the Spriggan Wizard began the quest for the Orb.
     0 | D:1      | Reached XP level 1. HP: 9/9 MP: 6/6
   262 | D:1      | Reached skill level 1 in Conjurations
   570 | D:1      | Reached XP level 2. HP: 13/13 MP: 5/8
  1432 | D:2      | Found a shadowy altar of Dithmenos.
  1499 | D:2      | Reached XP level 3. HP: 16/16 MP: 7/9
  2847 | D:3      | Reached XP level 4. HP: 16/21 MP: 1/11
  3685 | D:3      | Reached skill level 5 in Spellcasting
  4045 | D:4      | Learned a level 2 spell: Blink
  4049 | D:4      | Learned a level 3 spell: Mephitic Cloud
  4053 | D:4      | Learned a level 3 spell: Conjure Flame
  4787 | D:5      | Entered Level 5 of the Dungeon
  4836 | D:5      | Noticed an ice beast
  4844 | D:5      | Found a sand-covered staircase.
  4859 | Ossuary  | Entered an ossuary
  4921 | Ossuary  | Reached XP level 5. HP: 24/24 MP: 8/13
  5224 | Ossuary  | Slain by a mummy

Skill      XL: |  1  2  3  4 |
---------------+-------------+-----
Conjurations   | 1 2 3 |  3.3
Spellcasting   | 5 |  5.5
Dodging        | |  3.0
Stealth        | |  3.0
Summonings     | |  0.7
Translocations | |  1.5

Action                   |  1- 3 |  4- 6 || total
-------------------------+-------+-------++-------
Melee: Dagger            |     5 |     3 ||     8
       Spear             |       |     4 ||     4
 Cast: Magic Dart        |   117 |   111 ||   228
Evoke: Wand              |       |     8 ||     8
  Use: Scroll            |       |     9 ||     9
  Eat: Ration            |       |     1 ||     1
Armor: Robe              |     1 |     7 ||     8
Dodge: Dodged            |    17 |    16 ||    33
Block: Buckler           |     3 |       ||     3
